 Dungeon Crawl Stone Soup version 0.30.0-18-gc0e69614cb (webtiles) character file.

Game seed: 7086835939455738123

703 booth the Chopper (level 7, -3/56 HPs)
             Began as a Gnoll Reaver on May 26, 2023.
             Killed from afar by a white imp (9 damage)
             ... with a puff of frost
             ... on level 5 of the Dungeon.
             The game lasted 00:24:06 (4191 turns).

booth the Chopper (Gnoll Reaver)                    Turns: 4191, Time: 00:24:07

Health: -3/56      AC:  4    Str: 14    XL:     7   Next: 66%
Magic:  15/15      EV: 13    Int: 12    God:
Gold:   257        SH:  5    Dex: 10    Spells: 4/17 levels left

rFire   . . .        a - +0 hand axe
rCold   . . .        (no shield)
rNeg    . . .        b - +0 leather armour
rPois   .            (no helmet)
rElec   .            q - +0 cloak
rCorr   .            (no gloves)
SInv    +            (no boots)
Will    .....        c - amulet of reflection
Stlth   ++           h - ring of see invisible
HPRegen 0.29/turn    (no ring)
MPRegen 0.14/turn

%: reflection
@: lethally poisoned (-3 -> -4), about to teleport
A: fangs 1, strong nose, distributed training
a: no special abilities


You were on level 5 of the Dungeon.
You visited 1 branch of the dungeon, and saw 5 of its levels.

You collected 257 gold pieces.

Inventory:

Hand Weapons
 a - a +0 hand axe (weapon)
 g - a +0 short sword
 r - a +0 mace
 u - a +0 war axe
Missiles
 k - 6 poisoned darts (quivered)
Armour
 b - a +0 leather armour (worn)
 n - a +3 chain mail of poison resistance
 q - a +0 cloak (worn)
Jewellery
 c - an amulet of reflection (around neck)
 h - a ring of see invisible (left hand)
Wands
 i - a wand of roots (4)
Scrolls
 d - a scroll of identify
 e - 2 scrolls of teleportation
 o - a scroll of immolation
 p - a scroll of vulnerability
 t - a scroll of noise {unknown}
Potions
 f - a potion of invisibility
 j - a potion of ambrosia {unknown}
 l - 3 potions of flight
 m - 2 potions of magic {unknown}
 s - a potion of curing
 v - a potion of berserk rage {unknown}


   Skills:
 + Level 5.4 Fighting
 + Level 2.7 Short Blades
 + Level 2.7 Long Blades
 + Level 7.1 Axes
 + Level 2.7 Maces & Flails
 + Level 2.7 Polearms
 + Level 2.7 Staves
 + Level 2.7 Ranged Weapons
 + Level 2.7 Throwing
 + Level 2.7 Armour
 + Level 5.4 Dodging
 + Level 2.7 Stealth
 + Level 2.7 Shields
 + Level 2.7 Unarmed Combat
 + Level 5.7 Spellcasting
 + Level 5.9 Conjurations
 + Level 2.2 Hexes
 + Level 2.2 Summonings
 + Level 2.2 Necromancy
 + Level 2.2 Translocations
 + Level 2.2 Transmutations
 + Level 2.2 Fire Magic
 + Level 2.2 Ice Magic
 + Level 2.2 Air Magic
 + Level 2.2 Earth Magic
 + Level 2.2 Poison Magic
 + Level 3.0 Invocations
 + Level 2.7 Evocations


You had 4 spell levels left.
You knew the following spells:

 Your Spells              Type           Power      Damage    Failure   Level
a - Kiss of Death         Conj/Necr      52%        2d9       4%          1
b - Momentum Strike       Conj/Tloc      26%        3d8       6%          2
c - Hailstorm             Conj/Ice       13%        3d5       13%         3
d - Inner Flame           Hex/Fire       8%         N/A       26%         3
e - Flame Wave            Conj/Fire      13%        2d6       38%         4

Your spell library contained the following spells:

 Spells                   Type           Power      Damage    Failure   Level
 Blink                    Tloc           16%        N/A       14%         2
 Lesser Beckoning         Tloc           16%        N/A       14%         2
 Sticky Flame             Conj/Fire      13%        2d4       38%         4


Dungeon Overview and Level Annotations

Branches:
Dungeon (5/15)
 Temple: D:4-7

Altars:
Kikubaaqudgha
Sif Muna
Uskayaw


Innate Abilities, Weirdness & Mutations

You have very sharp teeth.
Your uncanny sense of smell can sniff out nearby items.
Your experience applies equally to all skills.


Message History

The scorpion poisons you! The hound barely misses you.
The white imp barely misses you. The scorpion barely misses you.
You hit the scorpion.
The scorpion is almost dead.
You hit the white imp but do no damage. You hit the hound.
You feel sick. The hound closely misses you. The white imp closely misses you.
The scorpion barely misses you. You block the hound's attack.
You barely miss the scorpion.
The scorpion is almost dead.
You hit the white imp. You hit the hound.
You feel sick. The hound bites you but does no damage. The white imp hits you.
The white imp freezes you.
* * * LOW HITPOINT WARNING * * *
You block the scorpion's attack.
You hit the scorpion.
You kill the scorpion!
You hit the white imp. You barely miss the hound.
You feel sick. The hound bites you.
* * * LOW HITPOINT WARNING * * *
The white imp misses you.
Your Invocations skill increases to level 3!
You hit the white imp but do no damage.
The white imp is heavily wounded.
You barely miss the hound.
You feel sick. You block the hound's attack. The white imp hits you.
* * * LOW HITPOINT WARNING * * *
The white imp freezes you.
* * * LOW HITPOINT WARNING * * *
The hound closely misses you.
Okay, then.
As you read the scroll of teleportation, it crumbles to dust.
You feel strangely unstable.
You feel sick. You block the hound's attack. The white imp closely misses you.
You hit the white imp.
The white imp is severely wounded.
You hit the hound but do no damage.
You feel sick. The hound bites you.
* * * LOW HITPOINT WARNING * * *
The white imp gestures at you. The puff of frost hits you!
You die...

....>..#
#.###.#
......#### #.#
## ..
.........####.#
..
..............#
..
..≈.≈≈≈≈≈.≈..##
..
..≈.......≈..#
. ...≈.≈..#
._.≈.≈.h# #)
...≈s≈5@# ..
.....≈..# .#
≈≈≈≈.≈.## <.
....... o#
...#### .. ...
.. .. .# .#


You could see a scorpion, a hound and a white imp.

Vanquished Creatures
  Sigmund (D:5)
  A phantom (D:5)
  2 scorpions (D:5)
  A howler monkey (D:3)
  A jelly (D:5)
  An orc priest (D:4)
  2 hounds
  A sleepcap (D:5)
  Terence (D:2)
  An orc wizard (D:5)
  A gnoll (D:1)
  3 adders
  An ufetubus (D:4)
  8 orcs
  5 endoplasms
  3 giant cockroaches
  3 goblins
  4 hobgoblins
  6 jackals
  3 quokkas
  8 ball pythons
  4 bats
  3 kobolds
  7 rats
71 creatures vanquished.

Notes
Turn   | Place    | Note
-------+----------+-------------------------------------------
     0 | D:1      | booth the Gnoll Reaver began the quest for the Orb.
     0 | D:1      | Reached XP level 1. HP: 20/20 MP: 6/6
    98 | D:1      | Reached XP level 2. HP: 16/26 MP: 7/7
   103 | D:1      | Learned a level 2 spell: Momentum Strike
   302 | D:1      | Found a faded altar of an unknown god.
   748 | D:2      | Reached skill level 5 in Spellcasting
   748 | D:2      | Reached XP level 3. HP: 31/31 MP: 7/9
   758 | D:2      | Learned a level 3 spell: Hailstorm
   902 | D:2      | Noticed Terence
   982 | D:2      | Killed Terence
   983 | D:2      | Reached skill level 1 in Short Blades
   983 | D:2      | Reached skill level 1 in Long Blades
   983 | D:2      | Reached skill level 1 in Maces & Flails
   983 | D:2      | Reached skill level 1 in Polearms
   983 | D:2      | Reached skill level 1 in Staves
   983 | D:2      | Reached skill level 1 in Ranged Weapons
   983 | D:2      | Reached skill level 1 in Throwing
   983 | D:2      | Reached skill level 1 in Armour
   983 | D:2      | Reached skill level 1 in Stealth
   983 | D:2      | Reached skill level 1 in Shields
   983 | D:2      | Reached skill level 1 in Unarmed Combat
   983 | D:2      | Reached skill level 1 in Invocations
   983 | D:2      | Reached skill level 1 in Evocations
  1197 | D:2      | Reached XP level 4. HP: 31/31 MP: 11/11
  1201 | D:2      | Learned a level 3 spell: Inner Flame
  1206 | D:2      | Learned a level 4 spell: Flame Wave
  1912 | D:3      | Reached skill level 1 in Hexes
  1912 | D:3      | Reached skill level 1 in Summonings
  1912 | D:3      | Reached skill level 1 in Necromancy
  1912 | D:3      | Reached skill level 1 in Translocations
  1912 | D:3      | Reached skill level 1 in Transmutations
  1912 | D:3      | Reached skill level 1 in Fire Magic
  1912 | D:3      | Reached skill level 1 in Ice Magic
  1912 | D:3      | Reached skill level 1 in Air Magic
  1912 | D:3      | Reached skill level 1 in Earth Magic
  1912 | D:3      | Reached skill level 1 in Poison Magic
  2016 | D:3      | Reached XP level 5. HP: 34/43 MP: 12/12
  2756 | D:4      | Found a hide-covered altar of Uskayaw.
  2802 | D:4      | Noticed a +0 dagger
  2803 | D:4      | Noticed a +0 hand axe
  2885 | D:4      | Found a shimmering blue altar of Sif Muna.
  3350 | D:5      | Entered Level 5 of the Dungeon
  3363 | D:5      | Noticed Sigmund
  3387 | D:5      | Killed Sigmund
  3388 | D:5      | Reached skill level 5 in Fighting
  3388 | D:5      | Reached skill level 5 in Dodging
  3388 | D:5      | Reached XP level 6. HP: 21/51 MP: 14/14
  3548 | D:5      | Reached skill level 7 in Axes
  3548 | D:5      | Reached XP level 7. HP: 46/50 MP: 15/15
  4010 | D:5      | Identified the +9 sling of Certain Death {flame, Contam rF+
                  | rCorr Dex+3}
  4172 | D:5      | Found an ancient bone altar of Kikubaaqudgha.
  4191 | D:5      | Killed from afar by a white imp

Illustrated notes

Levels and vault maps discovered:
D:1:      wheals_arrival_shading, layout_basic,
          hellmonk_ecumenical_altar_lost_god
D:2:      layout_basic, uniq_terence
D:3:      layout_basic, kennysheep_generic_room_9
D:4:      layout_basic, dancing_weapons_uskayaw, mainiacjoe_overflow_boulevard,
          minmay_misc_feat_nine_boxes
D:5:      layout_cave_pools, mainiacjoe_overflow_cross_hatched,
          nemelex_spade_bored_becter, nicolae_ru_path_of_blood,
          cheibrodos_gnoll_hut, uniq_crazy_yiuf_cottage, uniq_sigmund

Skill      XL: |  1  2  3  4  5  6  7 |
---------------+----------------------+-----
Spellcasting   | 5 |  5.7
Short Blades   | 1 2 |  2.7
Long Blades    | 1 2 |  2.7
Maces & Flails | 1 2 |  2.7
Polearms       | 1 2 |  2.7
Staves         | 1 2 |  2.7
Ranged Weapons | 1 2 |  2.7
Throwing       | 1 2 |  2.7
Armour         | 1 2 |  2.7
Stealth        | 1 2 |  2.7
Shields        | 1 2 |  2.7
Unarmed Combat | 1 2 |  2.7
Invocations    | 1 2 3 |  3.0
Evocations     | 1 2 |  2.7
Hexes          | 1 2 |  2.2
Summonings     | 1 2 |  2.2
Necromancy     | 1 2 |  2.2
Translocations | 1 2 |  2.2
Transmutations | 1 2 |  2.2
Fire Magic     | 1 2 |  2.2
Ice Magic      | 1 2 |  2.2
Air Magic      | 1 2 |  2.2
Earth Magic    | 1 2 |  2.2
Poison Magic   | 1 2 |  2.2
Fighting       | 5 |  5.4
Dodging        | 5 |  5.4
Axes           | 7 |  7.1
Conjurations   | |  5.9

Action                     |  1- 3 |  4- 6 |  7- 9 || total
---------------------------+-------+-------+-------++-------
  Melee: Hand axe          |    84 |   194 |    69 ||   347
         Bite              |     9 |    22 |     9 ||    40
         Punch             |     1 |     1 |     3 ||     5
  Throw: Dart              |       |     2 |       ||     2
   Cast: Kiss of Death     |     2 |     1 |       ||     3
         Momentum Strike   |     1 |       |       ||     1
    Use: Scroll            |     2 |     5 |     1 ||     8
         Potion            |     1 |     3 |     2 ||     6
 Armour: Leather armour    |    11 |    35 |    12 ||    58
  Dodge: Dodged            |    33 |    92 |    45 ||   170
  Block: Other             |    19 |    43 |    13 ||    75
         Reflection        |       |       |     1 ||     1
